 Dungeon Crawl Stone Soup version 0.24-a0-10-gb84795d (console) character file.

Game seed: 1752758168715683654

6 Duffy the Sneak (level 1, 0/15 HPs)
             Began as a Naga Enchanter on Jan 31, 2019.
             Slain by a hobgoblin
             ... wielding a +0 club
              (6 damage)
             ... on level 1 of the Dungeon.
             The game lasted 00:00:42 (221 turns).

Duffy the Sneak (Naga Enchanter)                     Turns: 221, Time: 00:00:43

Health: 0/15       AC:  1    Str: 10    XL:     1   Next: 90%
Magic:  3/3        EV: 10    Int: 15    God:
Gold:   17         SH:  0    Dex: 11    Spells: 3/4 levels left

rFire    . . .     SeeInvis +   a - +1 dagger
rCold    . . .     Gourm    .   (no shield)
rNeg     . . .     Faith    .   b - +0 robe
rPois    +         Spirit   .   (no helmet)
rElec    .         Reflect  .   (no cloak)
rCorr    .         Harm     .   (no gloves)
MR       .....                  (no barding)
Stlth    +++.......             (no amulet)
HPRegen  0.05/turn              (no ring)
MPRegen  0.08/turn              (no ring)

@: very slow
A: large, see invisible, deformed body, poison resistance, slowness 2, slow
metabolism 1, spit poison 1, AC +0
a: Spit Poison


You were on level 1 of the Dungeon.
You were not hungry.

You visited 1 branch of the dungeon, and saw 1 of its levels.

You collected 17 gold pieces.

Inventory:

Hand Weapons
 a - a +1 dagger (weapon)
Armour
 b - a +0 robe (worn)
Scrolls
 g - a scroll of fear {unknown}
 h - a scroll of immolation {unknown}
Potions
 c - a potion of cancellation {unknown}
 e - a potion of lignification {unknown}
Comestibles
 d - 2 rations
 f - 5 chunks of flesh


   Skills:
 + Level 1.2 Short Blades
 - Level 1.5 Dodging
 + Level 4.6 Stealth
 + Level 2.1 Spellcasting
 + Level 3.1 Hexes


You had 3 spell levels left.
You knew the following spells:

 Your Spells              Type           Power        Failure   Level  Hunger
h - Corona                Hex            ##.....      6%          1    #......

Your spell library contained the following spells:

 Spells                   Type           Power        Failure   Level  Hunger
 Ensorcelled Hibernation  Hex/Ice        #.....       17%         2    ###....
 Confuse                  Hex            ##......     19%         3    ###....
 Tukima's Dance           Hex            ##......     19%         3    ###....
 Dazzling Spray           Conj/Hex       #.....       34%         3    ###....


Dungeon Overview and Level Annotations

Branches:
Dungeon (1/15)

Altars:


Innate Abilities, Weirdness & Mutations

You cannot wear boots.
Your serpentine skin is tough. (AC +0)
You have supernaturally acute eyesight. (SInv)
Armour fits poorly on your strangely shaped body.
Your system is resistant to poisons. (rPois)
You cover ground very slowly.
You have a slow metabolism.
You can spit poison.


Message History

a cursed +0 club; a hobgoblin skeleton
Found a stone staircase leading down.
Found a hand axe.
A rat and a hobgoblin come into view.
Press: ? - help, Shift-Dir - straight line, f - rat
Aim: a rat (resting)
The splash of poison hits the rat!
You kill the rat!
You feel slightly more hungry.
You have got your breath back.
The hobgoblin shouts!
The hobgoblin hits you with a +0 club.
You hit the hobgoblin.
The hobgoblin is moderately wounded.
The hobgoblin hits you with a +0 club.
You are too injured to fight recklessly!
You hit the hobgoblin.
The hobgoblin is heavily wounded.
The hobgoblin hits you with a +0 club.
You die...

..... #...#.# #
#...#.# ..
#.###...#.# #.##
##.......#.#
.#.# ... ......#
#.## .....
#.g).# .#.#
..... #.@..#
~.##
.....##....#####
~#.##.
................
~.#..
..........######
~#..# #+##.....#
~.#.# ..#.....#
.#..# #.###.#.#
#.### #.# #.#.#
.#.# #.# #.#.#


You could see a hobgoblin.

Vanquished Creatures
  A dart slug (D:1)
  A hobgoblin (D:1)
  3 rats (D:1)
5 creatures vanquished.

Notes
Turn   | Place    | Note
-------+----------+-------------------------------------------
     0 | D:1      | Duffy the Naga Enchanter began the quest for the Orb.
     0 | D:1      | Reached XP level 1. HP: 15/15 MP: 3/3
   221 | D:1      | Slain by a hobgoblin

Vault maps used:
D:1:      ncdulo_watergridlock

Action                   || total
-------------------------++-------
Melee: Dagger            ||    10
 Abil: Spit Poison       ||     4
Dodge: Dodged            ||     4

Table legend:
 A = Non-vault XP
 B = Vault XP
 C = Vault XP percentage of total XP
 D = Non-vault monster count
 E = Vault monster count
 F = Vault count percentage of total count
                 A         B        C        D         E       F
            +---------+---------+-------+---------+---------+-------
      Total |       9 |       0 |   0.0 |       5 |       0 |   0.0
            +---------+---------+-------+---------+---------+-------
        D:1 |       9 |       0 |   0.0 |       5 |       0 |   0.0
            +---------+---------+-------+---------+---------+-------
